 Dungeon Crawl Stone Soup version 0.29-a0-344-ge2f44be95a (webtiles) character file.

Game seed: 71243316562298799

61 spaghetti the Bolt Thrower (level 3, -7/30 HPs)
             Began as a Demigod Wanderer on Apr 21, 2022.
             Mangled by an ogre
             ... wielding a +0 giant spiked club
              (20 damage)
             ... on level 3 of the Dungeon.
             The game lasted 00:01:58 (1029 turns).

spaghetti the Bolt Thrower (Demigod Wanderer)       Turns: 1029, Time: 00:01:59

Health: -7/30      AC:  4    Str: 14    XL:     3   Next: 58%
Magic:  5/5        EV: 13    Int: 10    God:
Gold:   146        SH:  0    Dex: 20    Spells: 2/2 levels left

rFire   . . .      SeeInvis .   a - +3 hand crossbow {crossbow}
rCold   . . .      Faith    .   (no shield)
rNeg    . . .      Spirit   .   d - +0 leather armour
rPois   .          Reflect  .   (no helmet)
rElec   .          Harm     .   n - +0 cloak
rCorr   .          Rampage  .   (no gloves)
Will    .....                   (no boots)
Stlth   +.........              (no amulet)
HPRegen 0.10/turn               (no ring)
MPRegen 0.09/turn               (no ring)

@: no status effects
A: high MP 1, forlorn, divine attributes
a: no special abilities


You were on level 3 of the Dungeon.
You visited 1 branch of the dungeon, and saw 3 of its levels.

You collected 146 gold pieces.


Innate Abilities, Weirdness & Mutations

You have an increased reservoir of magic. (+10% MP)
You shall have no god before yourself.
Your divine heritage dramatically boosts your attributes as you level up.


   Skills:
 - Level 2.6 Fighting
 - Level 1.0 Polearms
 + Level 3.5 Crossbows
 - Level 1.0 Armour
 * Level 2.6 Dodging
 - Level 1.0 Evocations


You had 2 spell levels left.
You didn't know any spells.
Your spell library was empty.

Inventory:

Hand Weapons
 a - a +3 hand crossbow (weapon) {crossbow}
 b - a +0 spear {polearm}
Missiles
 g - 6 curare-tipped darts {=fthrowing}
 m - 46 stones {throwing}
Armour
 d - a +0 leather armour (worn)
 n - a +0 cloak (worn)
   (You found it on level 2 of the Dungeon)
Scrolls
 f - 3 scrolls of teleportation {unknown}
 h - a scroll of identify {unknown}
 j - 3 scrolls of immolation {!r!r}
 p - a scroll of blinking {unknown}
 q - a scroll of silence {unknown}
 r - a scroll of enchant armour {unknown}
Potions
 c - a potion of lignification {!q}
 e - a potion of magic {unknown}
 i - a potion of mutation {unknown}
 k - 2 potions of might {unknown}
 l - a potion of brilliance {unknown}
 o - 4 potions of curing {unknown}

Dungeon Overview and Level Annotations

Branches:
Dungeon (3/15)

Shops:
D:1 ! D:3

? ..# ..# # ..#
##(######..#
#...O@.....####
#..##.......... #
#.......... . #.
#.........#.#
#..##.........#.#
#...........[...
#.###.........#
#.........#
#.........#


You could see an ogre.


Message History

You see here a ball python corpse.
You see here an adder corpse.
Key pressed, stopping explore.
You see here a +0 spear {polearm}.
Found a stone staircase leading down.
A frilled lizard comes into view.
You shoot a bolt. The frilled lizard hisses angrily.
The bolt hits the frilled lizard.
You kill the frilled lizard!
No target in view!
No target in view!
No target in view!
No target in view!
No target in view!
No target in view!
f - 3 scrolls labelled GOMIKHLUOSA (gained 1)
m - 46 stones {throwing} (gained 24) Done exploring.
Done exploring.
Done exploring.
Done exploring.
No target in view!
Done exploring.
Done exploring.
Done exploring.
Done exploring.
(D) Dungeon
Where to? (Enter - D:2, ? - help)
There is a stone staircase leading down here.
You climb downwards.
Found 9 gold pieces.
Found Xoseachiast's Magic Scroll Boutique.
Found a stone staircase leading down.
There is a stone staircase leading up here.
A bat is nearby!
Unknown command.
Unknown command.
A bat is nearby!
A bat is nearby!
You shoot a bolt. The bolt hits the bat.
The bat barely misses you. x2
You shoot a bolt. The bolt closely misses the bat.
The bat closely misses you.
You shoot a bolt. The bolt hits the bat.
You kill the bat!
No target in view!
No target in view!
No target in view!
No target in view!
No target in view!
No target in view!
No target in view!
No target in view!
No target in view!
No target in view!
No target in view!
No target in view!
No target in view!
No target in view!
No target in view!
No target in view!
There is an entrance to Xoseachiast's Magic Scroll Boutique here.
r - a scroll labelled USUREMULULI You now have 131 gold pieces (gained 9).
There is an entrance to Xoseachiast's Magic Scroll Boutique here.
There is a stone staircase leading down here.
j - 3 scrolls of immolation {!r!r} (gained 1)
A rat comes into view.
A rat is nearby!
A rat is nearby!
You shoot a bolt. The bolt hits the rat!
You kill the rat!
No target in view!
No target in view!
No target in view!
No target in view!
No target in view!
No target in view!
You now have 146 gold pieces (gained 15).
o - 4 bubbling ruby potions (gained 1)
An ogre comes into view. It is wielding a +0 giant spiked club.
The ogre shouts!
An ogre is nearby!
An ogre is nearby!
An ogre is nearby!
You shoot a bolt. The bolt hits the ogre.
You shoot a bolt. The bolt hits the ogre.
The ogre hits you with a +0 giant spiked club!!
Ouch! That really hurt!
* * * LOW HITPOINT WARNING * * *
😨 HP[-18]
You take 18 damage, and now have 12/30 hp.
MASSIVE DAMAGE!! (PAUSE)
Okay, then.
Shoot: a) +3 hand crossbow {crossbow}
Press: ? - help, Q - select action, (/) - cycle Shift-Dir - straight line, f/p - ogre
Aim: an ogre, wielding a +0 giant spiked club (moderately wounded, 80% to hit)
You shoot a bolt. The bolt barely misses the ogre.
The ogre hits you with a +0 giant spiked club!!
Ouch! That really hurt!
You die...

Skill      XL: |  1  2 |
---------------+-------+-----
Crossbows      | 3 |  3.5
Dodging        | 2 |  2.6
Fighting       | |  2.6
Polearms       | |  1.0
Armour         | |  1.0
Evocations     | |  1.0

Action                   || total
-------------------------++-------
 Fire: Hand crossbow     ||    90
Armor: Leather armour    ||     7
Dodge: Dodged            ||    24

Levels and vault maps discovered:
D:1:      ebering_trefoil_twist, layout_loops_ring,
          hellmonk_ecumenical_altar_blasted, serial_shops, shop
D:2:      layout_basic, basic_altar
D:3:      layout_loops_ring, serial_shops, shop

Notes
Turn   | Place    | Note
-------+----------+-------------------------------------------
     0 | D:1      | spaghetti the Demigod Wanderer began the quest for the Orb.
     0 | D:1      | spaghetti set off with the following items: a +3 hand
                  | crossbow {crossbow}, a +0 spear {polearm}, a potion of
                  | lignification {!q}, a +0 leather armour
     0 | D:1      | Reached XP level 1. HP: 18/18 MP: 3/3
     0 | D:1      | magus.rc [v1.9.6]
    61 | D:1      | Found Neavohab's Distillery.
   154 | D:1      | Reached skill level 3 in Crossbows
   288 | D:1      | Reached XP level 2. HP: 24/25 MP: 4/4
   662 | D:2      | Reached skill level 2 in Dodging
   676 | D:2      | Reached XP level 3. HP: 28/30 MP: 5/5
   989 | D:3      | Found Xoseachiast's Magic Scroll Boutique.
  1026 | D:3      | Noticed an ogre
  1029 | D:3      | Mangled by an ogre

Vanquished Creatures
  2 adders (D:2)
  A worm (D:2)
  A dart slug (D:1)
  3 endoplasms
  3 goblins
  3 hobgoblins
  4 jackals (D:2)
  3 kobolds
  2 quokkas (D:1)
  5 ball pythons
  4 bats
  2 frilled lizards (D:2)
  7 rats
40 creatures vanquished.

Table legend:
 A = Non-vault XP
 B = Vault XP
 C = Vault XP percentage of total XP
 D = Non-vault monster count
 E = Vault monster count
 F = Vault count percentage of total count
                 A         B        C        D         E       F
            +---------+---------+-------+---------+---------+-------
      Total |      88 |       0 |   0.0 |      40 |       0 |   0.0
            +---------+---------+-------+---------+---------+-------
        D:1 |      29 |       0 |   0.0 |      18 |       0 |   0.0
        D:2 |      57 |       0 |   0.0 |      20 |       0 |   0.0
        D:3 |       2 |       0 |   0.0 |       2 |       0 |   0.0
            +---------+---------+-------+---------+---------+-------

Illustrated notes

Table legend:
 A = Kills in this place as a percentage of kills in entire the game.
 B = Kills by you in this place as a percentage of kills by you in the entire game.
 C = Kills by friends in this place as a percentage of kills by friends in the entire game.
 D = Other kills in this place as a percentage of other kills in the entire game.
 E = Experience gained in this place as a percentage of experience gained in the entire game.
 F = Experience gained in this place divided by the number of levels of this place that you have seen.
                   A       B       C       D       E      F
               +-------+-------+-------+-------+-------+----------------------
         Total | 100.0 | 100.0 |   N/A |   N/A | 100.0 |  29.3
       Dungeon | 100.0 | 100.0 |   N/A |   N/A | 100.0 |  29.3
               +-------+-------+-------+-------+-------+----------------------

Table legend: (Time is in decaauts)
 A = Elapsed time spent in this place.
 B = Non-inter-level travel time spent in this place.
 C = Inter-level travel time spent in this place.
 D = Time resting spent in this place.
 E = Time spent auto-exploring this place.
 F = Levels seen in this place.
 G = Mean time per level.
                   A        B        C        D        E       F      G
               +--------+--------+--------+--------+--------+-----+--------+
         Total |   1061 |   1051 |     10 |      0 |    859 |   3 |  353.7 |
       Dungeon |   1061 |   1051 |     10 |      0 |    859 |   3 |  353.7 |
               +--------+--------+--------+--------+--------+-----+--------+

Top non-repeatable levels by time:
     D:1: 624 daAuts
     D:2: 395 daAuts
     D:3: 41 daAuts
